 Dungeon Crawl Stone Soup version 0.29.1-1-gd02db6906a (webtiles) character file.

Game seed: 8337395622736813156

104 pacmanke6689 the Slasher (level 4, -4/37 HPs)
             Began as a Draconian Gladiator on Sept 16, 2022.
             Was an Initiate of Hepliaklqana.
             Slain by Sigmund
             ... wielding a +0 scythe
              (9 damage)
             ... on level 4 of the Dungeon.
             The game lasted 00:04:57 (2350 turns).

pacmanke6689 the Slasher (Draconian Gladiator)      Turns: 2350, Time: 00:04:57

Health: -4/37      AC:  5    Str: 16    XL:     4   Next: 52%
Magic:  4/4        EV: 13    Int:  8    God:    Hepliaklqana [......]
Gold:   106        SH:  0    Dex: 13    Spells: 2/3 levels left

rFire   . . .      SeeInvis .   a - +0 long sword
rCold   . . .      Faith    .   (no shield)
rNeg    . . .      Spirit   .   (body armour unavailable)
rPois   .          Reflect  .   b - +0 hat
rElec   .          Harm     .   (no cloak)
rCorr   .          Rampage  .   (no gloves)
Will    .....                   (no boots)
Stlth   ++........              (no amulet)
HPRegen 0.12/turn               (no ring)
MPRegen 0.09/turn               (no ring)

@: brilliant, on berserk cooldown, slowed, invisible, very slow
A: AC +5, unfitting armour, cold-blooded, dopey 1
a: Renounce Religion


You were on level 4 of the Dungeon.
You worshipped Hepliaklqana.
Hepliaklqana was noncommittal.
You visited 1 branch of the dungeon, and saw 4 of its levels.

You collected 130 gold pieces.
You spent 24 gold pieces at shops.

Inventory:

Hand Weapons
 a - a +0 long sword (weapon)
Armour
 b - a +0 hat (worn)
Jewellery
 h - a ring of resist corrosion
Scrolls
 e - a scroll of enchant weapon {unknown}
 g - a scroll of fog
 i - 2 scrolls of identify
 l - 2 scrolls of fear {unknown}
 m - a scroll of amnesia {unknown}


   Skills:
 + Level 2.9 Fighting
 + Level 4.1 Long Blades
 + Level 1.8 Throwing
 + Level 3.4 Dodging
 + Level 0.8 Stealth
 + Level 0.1 Spellcasting
 + Level 0.2 Summonings


You had 2 spell levels left.
You knew the following spells:

 Your Spells              Type           Power      Damage    Failure   Level
a - Summon Small Mammal   Summ           0%         N/A       36%         1

Your spell library contained the following spells:

 Spells                   Type           Power      Damage    Failure   Level
 Call Canine Familiar     Summ           0%         N/A       75%         3
 Summon Guardian Golem    Hex/Summ       0%         N/A       77%         3


Dungeon Overview and Level Annotations

Branches:
Dungeon (4/15)
 Temple: D:4-7

Altars:
Hepliaklqana
Nemelex Xobeh

Shops:
D:1 ?

Annotations:
D:4 Sigmund


Innate Abilities, Weirdness & Mutations

Your plain brown scales are hard. (AC +5)
You cannot fit into any form of body armour.
You are cold-blooded and may be slowed by cold attacks.
You are dopey. (Int -2)


Message History

Sigmund closely misses you.
You closely miss Sigmund.
Your tail-slap misses Sigmund.
Sigmund is heavily wounded.
You hit Sigmund.
Sigmund is severely wounded.
Sigmund casts a spell.
Sigmund flickers and vanishes!
Deactivating autopickup; reactivate with Ctrl-A.
Something hits you.
You closely miss something. You barely miss something. Something hits you!
* * * LOW HITPOINT WARNING * * *
You feel better.
You hear a zap.
A puff of flame appears from out of thin air!
The puff of flame misses you.
You fade into invisibility!
You hear a zap.
A puff of flame appears from out of thin air!
The puff of flame hits you!
* * * LOW HITPOINT WARNING * * *
It was a potion of brilliance.
You feel clever all of a sudden. Something hits you.
* * * LOW HITPOINT WARNING * * *
It was a potion of mutation.
You feel extremely strange.
You feel stupid. Something hits you.
* * * LOW HITPOINT WARNING * * *
It was a potion of berserk rage.
A red film seems to cover your vision as you go berserk!
You feel yourself moving faster!
You feel mighty!
You barely miss something.
Your tail-slap misses something.
You feel a strong urge to attack something.
Things that are here:
a +0 whip; a kobold corpse You feel your anger nearly subside.
You are no longer berserk.
You are exhausted.
You feel yourself slow down. Something hits you!
You die...

# ## .# .# #. ###. .#
### #. #.. ###.. .#
#.# #. #.###.....#
.###.# #.###.@)..#
.....######.#..####.#
...................>#
.###.#......#..#.##.#
.###.#.#####..........
.##..#.##.)..#........
.#...#.......#.##.....
..........#....# .....
.#...########### ....


There were no monsters in sight!

Vanquished Creatures
  An iguana (D:4)
  2 adders (D:3)
  A worm (D:2)
  3 dart slugs
  4 bats
  8 endoplasms
  2 giant cockroaches (D:1)
  3 hobgoblins
  3 kobolds
  A quokka (D:1)
  5 ball pythons
  5 frilled lizards
  7 goblins
  3 rats
48 creatures vanquished.

Vanquished Creatures (others)
  A fungus (D:2)
  A plant (D:2)
  8 toadstools (D:3)
10 creatures vanquished.

Grand Total: 58 creatures vanquished

Notes
Turn   | Place    | Note
-------+----------+-------------------------------------------
     0 | D:1      | pacmanke6689 the Draconian Gladiator began the quest for
                  | the Orb.
     0 | D:1      | Reached XP level 1. HP: 17/17 MP: 1/1
   187 | D:1      | Reached XP level 2. HP: 24/24 MP: 2/2
   189 | D:1      | Learned a level 1 spell: Summon Small Mammal
   823 | D:1      | Reached XP level 3. HP: 30/30 MP: 1/3
   866 | D:1      | Found Nief's Magic Scroll Shoppe.
   872 | D:1      | Bought a scroll of identify for 24 gold pieces
  1649 | D:2      | Found a faded altar of an unknown god.
  1939 | D:3      | Found a sparkling altar of Nemelex Xobeh.
  2226 | D:3      | Reached XP level 4. HP: 37/37 MP: 4/4
  2231 | D:3      | Reached skill level 4 in Long Blades
  2247 | D:3      | Found a hazy altar of Hepliaklqana.
  2268 | D:3      | Became a worshipper of Hepliaklqana the Forgotten
  2284 | D:3      | You fall into a shaft and drop 1 floor!
  2326 | D:4      | Noticed Sigmund
  2344 | D:4      | Gained mutation: You are dopey. (Int -2) [potion of
                  | mutation]
  2350 | D:4      | Slain by Sigmund

Illustrated notes

Levels and vault maps discovered:
D:1:      giann_horns, layout_basic, serial_shops, nicolae_shop_behind_doors
D:2:      layout_basic, shapermc_ecumenical_altar_ellora
D:3:      cheibrodos_fertilizer, layout_rooms, mainiacjoe_overflow_alcove_4,
          nemelex_xobeh_ov_fountains_minmay, serial_shops, shop_fountains,
          hangedman_abyss_or_decor_stabs
D:4:      black_bear_nest_1, layout_basic, kennysheep_mini,
          gup_sewer_entry_bowl, eino_small_chamber_without_monster,
          serial_bayou_ford_a, minmay_diced_spiral, uniq_duvessa, uniq_natasha,
          uniq_edmund, uniq_sigmund, uniq_crazy_yiuf_cottage, uniq_pargi

Skill      XL: |  1  2  3  4 |
---------------+-------------+-----
Dodging        | 3 |  3.4
Long Blades    | 4 |  4.1
Fighting       | |  2.9
Throwing       | |  1.8
Stealth        | |  0.8
Spellcasting   | |  0.1
Summonings     | |  0.2

Action                   |  1- 3 |  4- 6 || total
-------------------------+-------+-------++-------
Melee: Long sword        |   110 |    29 ||   139
       Punch             |     1 |       ||     1
       Tailslap          |     9 |     3 ||    12
 Cast: Summon Small Mamm |     1 |       ||     1
  Use: Scroll            |     6 |       ||     6
       Potion            |     1 |     5 ||     6
 Stab: Sleeping          |     1 |     1 ||     2
Armor: Skin              |    26 |     5 ||    31
Dodge: Dodged            |    62 |    20 ||    82
